Construct Infanterie Kompanie
Selects Terror Battlegroup
Infanterie Officer Quarters
Selects Machine Gun Camouflage
Construct Panzergrenadier Kompanie
Pak 40 Anti-tank Gun Team
Pak 40 Anti-tank Gun Team
Construct Panzer Kompanie
Selects Defend the Fatherland
Construct Luftwaffe Kompanie
Selects King Tiger Heavy Tank
Selects King Tiger Heavy Tank
Selects Contempt for the Weak
Selects Propaganda Leaflet Drop